 Dungeon Crawl Stone Soup version 0.30-a0-737-gf23d94013f (webtiles) character file.

Game seed: 17072303716213363378

9365 CrazyBamboolord the Summoner (level 11, -5/69 (73) HPs)
             Began as an Octopode Summoner on Feb 2, 2023.
             Was a Priest of Sif Muna.
             Slain by a spectral orc warrior
             ... wielding a +0 trident
             ... summoned by Nergalle
              (12 damage)
             ... on level 1 of the Lair of Beasts.
             The game lasted 00:45:34 (12218 turns).

CrazyBamboolord the Summoner (Octopode Summoner)   Turns: 12218, Time: 00:45:35

HP:   -5/69 (73)    AC:  3    Str:  9    XL:     11   Next: 45%
MP:   27/32         EV: 17    Int: 19    God:    Sif Muna [***...]
Gold: 675           SH:  2    Dex: 14    Spells: 13/26 levels left

rFire   + . .      SeeInvis .      - Unarmed
rCold   . . .      Faith    .    (no shield)
rNeg    + . .      Spirit   .    (helmet restricted)
rPois   +          Reflect  .    (no amulet)
rElec   .          Harm     .    o - ring of the Octopus King {rN+ HP+2 AC+2 EV+2 SH+2}
rCorr   .          Rampage  .    t - ring of flight
Will    .....                    y - ring of protection from fire
Stlth   ++++                     C - ring of magical power
HPRegen 0.31/turn                E - ring of poison resistance
MPRegen 0.23/turn                (no ring)
                                 (no ring)
                                 (no ring)

@: flying, drained
A: almost no armour, amphibious, 8 rings, camouflage 1, gelatinous body 1,
(nimble swimmer 1), tentacles
a: Renounce Religion, Channel Magic, Forget Spell


You were on level 1 of the Lair of Beasts.
You worshipped Sif Muna.
Sif Muna was most pleased with you.
You visited 3 branches of the dungeon, and saw 12 of its levels.

You collected 675 gold pieces.

Inventory:

Hand Weapons
 J - the +8 whip "Snakebite" {venom, curare, rPois}
   (You took it off Amaemon on level 1 of the Lair of Beasts)

   rPois:     It protects you from poison.
Missiles
 b - 2 throwing nets
Jewellery
 g - an amulet of faith
 o - a ring of the Octopus King (left tentacle) {rN+ HP+2 AC+2 EV+2 SH+2}
   (You found it on level 2 of the Dungeon)

   [ring of positive energy]

   AC:        It affects your AC (+2).
   EV:        It affects your evasion (+2).
   rN:        It protects you from negative energy.
   HP:        It affects your health (+2).
   SH:        It affects your SH (+2).
 t - a ring of flight (right tentacle)
 y - a ring of protection from fire (on tentacle)
 C - a ring of magical power (on tentacle)
 E - a ring of poison resistance (on tentacle)
Wands
 h - a wand of paralysis (4)
 i - a wand of polymorph (4)
 A - a wand of mindburst (4)
 G - a wand of quicksilver (5)
Scrolls
 c - a scroll of fog
 d - 3 scrolls of immolation
 e - a scroll of silence
 n - a scroll of amnesia
 r - 2 scrolls of teleportation
 u - 3 scrolls of poison
 z - 2 scrolls of blinking {unknown}
 D - a scroll of vulnerability {unknown}
 I - 3 scrolls of magic mapping {unknown}
Potions
 a - 2 potions of magic
 f - 2 potions of lignification {unknown}
 j - 2 potions of haste
 k - 2 potions of berserk rage {unknown}
 l - 2 potions of resistance
 m - 2 potions of degeneration {unknown}
 p - 2 potions of curing
 q - 2 potions of brilliance {unknown}
 s - 2 potions of cancellation {unknown}
 v - 3 potions of ambrosia
 x - a potion of flight {unknown}
 B - a potion of might
 F - 3 potions of attraction {unknown}


   Skills:
 * Level 5.1 Fighting
 * Level 5.6 Dodging
 - Level 5.0 Stealth
 - Level 0.1 Shields
 * Level 5.5 Unarmed Combat
 * Level 8.3 Spellcasting
 * Level 9.3 Summonings
 * Level 4.4 Transmutations
 * Level 5.0 Air Magic
 * Level 4.5 Invocations


You had 13 spell levels left.
You knew the following spells:

 Your Spells              Type           Power      Damage    Failure   Level
a - Summon Small Mammal   Summ           100%       N/A       1%          1
b - Call Imp              Summ           43%        N/A       1%          2
c - Call Canine Familiar  Summ           43%        N/A       1%          3
d - Summon Lightning Spi  Summ/Air       35%        N/A       4%          4
e - Summon Guardian Gole  Hex/Summ       25%        N/A       3%          3

Your spell library contained the following spells:

 Spells                   Type           Power      Damage    Failure   Level
 Sting                    Tmut/Pois      64%        1d6       3%          1
 Poisonous Vapours        Pois/Air       34%        N/A       4%          2
 Cigotuvi's Dreadful Rot  Necr/Pois/Air  28%        N/A       7%          2
 Mephitic Cloud           Conj/Pois/Air  14%        N/A       13%         3
 Lesser Beckoning         Tloc           14%        N/A       14%         2
 Dazzling Flash           Conj/Hex       14%        N/A       26%         3
 Gell's Gravitas          Tloc           7%         N/A       26%         3
 Teleport Other           Tloc           7%         N/A       26%         3
 Iskenderun's Mystic Bla  Conj/Tloc      7%         2d4       65%         4
 Olgreb's Toxic Radiance  Pois           7%         N/A       65%         4
 Starburst                Conj/Fire      3%         6d3       100%        6
 Ozocubu's Refrigeration  Ice            3%         4d8       100%        7
 Ignition                 Fire           3%         3d4       100%        8


Dungeon Overview and Level Annotations

Branches:
Dungeon (10/15)            Temple (1/1) D:4            Lair (1/5) D:9
    Orc: D:9-12

Altars:
Ashenzari
Cheibriados
Dithmenos
Elyvilon
Fedhas
Gozag
Hepliaklqana
Kikubaaqudgha
Makhleb
Nemelex Xobeh
Okawaru
Qazlal
Ru
Sif Muna
Trog
Uskayaw
Vehumet
Wu Jian
Xom
Yredelemnul
Zin
The Shining One

Shops:
D:2 (   D:8 [

Annotations:
D:9 3 runed translucent doors, Conn's ghost, novice OpFE; flt's ghost, novice DgTm; jehirs's ghost, novice TrFi
Lair:1 Nergalle


Innate Abilities, Weirdness & Mutations

You cannot wear most types of armour.
You are amphibious.
You can wear up to eight rings at the same time.
Your skin changes colour to match your surroundings (Stealth+).
Your rubbery body absorbs attacks. (AC +1, EV +1)
((You are camouflaged when in or above water. (Stealth+)))
You have tentacles for arms and can constrict up to eight enemies at once.


Message History

The spectral orc warrior barely misses you.
You tentacle-slap the spectral orc knight.
You squeeze the spectral orc knight, but do no damage.
The spectral orc knight is moderately damaged.
The spectral orc warrior hits you with a +0 trident.
You partially resist.
You feel drained.
Your lightning spire shoots out a bolt of lightning at the spectral orc knight!
The bolt of electricity hits the spectral orc knight.
The bolt of electricity hits your white imp!
Your white imp dies!
Your white imp disappears in a puff of smoke!
The bolt of electricity hits the spectral orc knight.
The spectral orc warrior closely misses you.
The komodo dragon bites you but does no damage.
The komodo dragon attacks as you move away!
The komodo dragon bites you!
The spectral orc warrior hits you with a +0 trident!
You partially resist.
You feel drained.
The spectral orc knight hits your lightning spire with a +0 broad axe!
The spectral orc knight hits you with a +0 broad axe!
* * * LOW HITPOINT WARNING * * *
The spectral orc warrior barely misses you.
Okay, then.
Unknown command.
Unknown command.
As you read the scroll of fear, it crumbles to dust.
You assume a fearsome visage.
The spectral orc warrior is unaffected.
Nergalle looks frightened!
The komodo dragon looks frightened!
The spectral orc knight is unaffected.
The spectral orc warrior is unaffected.
The spectral orc warrior closely misses you.
The spectral orc knight hits you with a +0 broad axe!
* * * LOW HITPOINT WARNING * * *
The spectral orc knight hits your lightning spire with a +0 broad axe!
The spectral orc warrior closely misses you.
Nergalle cries, "Oh dear!
Oh dear!"
As you read the scroll labelled JEATAUR DIONO, it crumbles to dust.
It is a scroll of enchant weapon.
You aren't carrying any weapons that can be enchanted.
The spectral orc warrior hits you with a +0 trident!
You die...

..... ....# ...##
# ....# #. #.ยง.#
. # #.##.#o# ..#
#.###..#l#.##.....
#.....#.Z....#
........Z@##......
.........Z.# ...##
........8..# ....#
....#....$##.....#
.................#
....#
(.#..##..........#
.....#
#......#P..####
.......#
#.#...###..#
.#...).#
#.##......##


You could see Nergalle (fleeing), a komodo dragon (fleeing), 2 spectral orc
warriors, a spectral orc knight (summoned, ally target) and a friendly lightning
spire (summoned).

Vanquished Creatures
  Pikel (D:3)
  2 yaks (D:9)
  3 water moccasins
  3 ice beasts
  2 sky beasts
  An ogre (D:7)
  A black bear (D:5)
  4 bullfrogs
  A gnoll sergeant (D:9)
  A killer bee (D:8)
  3 howler monkeys
  A quasit (D:5)
  An iguana (D:5)
  2 orc wizards
  5 gnolls
  2 adders
  2 shadow imps
  2 white imps
  3 ufetubi (D:5)
  A worm (D:5)
  4 dart slugs
  12 orcs
  4 ball pythons
  2 bats (D:3)
  6 endoplasms
  A giant cockroach (D:3)
  8 goblins
  4 hobgoblins
  2 jackals (D:5)
  8 kobolds
  A quokka (D:4)
  4 rats
97 creatures vanquished.

Vanquished Creatures (collateral kills)
  A two-headed ogre (D:10)
  Amaemon (Lair:1)
  Joseph (D:7)
  A black mamba (Lair:1)
  An orange demon (Lair:1)
  A cane toad (Lair:1)
  Maggie (D:8)
  A troll (D:10)
  A hornet (D:10)
  4 yaks
  A nameless horror (D:9)
  2 steam dragons
  A water moccasin (Lair:1)
  A black bear (D:7)
  An orc warrior (D:7)
  A centaur (D:5)
  4 lemures (D:3)
  2 phantoms (D:3)
  Blork the orc (D:6)
  2 killer bees (D:8)
  2 howler monkeys (D:5)
  5 jellies
  3 orc priests
  2 hounds
  An iguana (D:9)
  5 orc wizards
  Robin (D:3)
  6 gnolls
  3 adders
  A shadow imp (D:7)
  A white imp (D:5)
  A worm (D:5)
  2 dart slugs (D:1)
  9 orcs
  2 ball pythons (D:1)
  2 endoplasms (D:1)
  A giant cockroach (D:1)
  3 hobgoblins
  A jackal (D:5)
  3 kobolds
  A quokka (D:5)
  2 bats (D:1)
  2 frilled lizards
  5 goblins (D:3)
  A rat (D:1)
94 creatures vanquished.

Vanquished Creatures (others)
  A two-headed ogre (D:10)
  A hornet (D:10)
  3 wyverns (D:9)
  2 yaks (D:8)
  An orc warrior (D:9)
  An ogre (D:6)
  A hound (D:7)
  2 orc wizards
  2 orcs (D:9)
  2 demonic plants (D:5)
  3 fungi
  19 plants (D:9)
38 creatures vanquished.

Grand Total: 229 creatures vanquished

Notes
Turn   | Place    | Note
-------+----------+-------------------------------------------
     0 | D:1      | CrazyBamboolord the Octopode Summoner began the quest for
                  | the Orb.
     0 | D:1      | Reached XP level 1. HP: 11/11 MP: 3/3
    24 | D:1      | Found a faded altar of an unknown god.
    37 | D:1      | Reached XP level 2. HP: 10/18 MP: 1/5
   393 | D:1      | Learned a level 2 spell: Call Imp
   414 | D:1      | Reached XP level 3. HP: 19/22 MP: 2/6
   770 | D:2      | Reached skill level 1 in Fighting
   777 | D:2      | Found the ring of the Octopus King
   786 | D:2      | Identified a ring of the Octopus King {rN+ HP+2 AC+2 EV+2
                  | SH+2}
  1172 | D:2      | Found a blossoming altar of Fedhas.
  1194 | D:2      | Found Juppaalo's Weapon Emporium.
  1200 | D:2      | Learned a level 3 spell: Call Canine Familiar
  1655 | D:3      | Reached XP level 4. HP: 26/28 MP: 4/7
  1707 | D:3      | Noticed Robin
  1719 | D:3      | Reached skill level 1 in Unarmed Combat
  1739 | D:3      | Killed Robin
  1865 | D:3      | Noticed a phantom
  1898 | D:3      | Killed a phantom
  1899 | D:3      | Reached skill level 5 in Summonings
  1899 | D:3      | Reached XP level 5. HP: 32/34 MP: 1/8
  2104 | D:3      | Found a glowing silver altar of Zin.
  2505 | D:4      | Noticed Pikel
  2510 | D:4      | Noticed a lemure
  2510 | D:4      | Noticed a lemure
  2510 | D:4      | Noticed a lemure
  2511 | D:4      | Noticed a lemure
  2606 | D:3      | Killed a lemure
  2683 | D:3      | Killed a lemure
  2759 | D:3      | Killed a lemure
  2784 | D:4      | Noticed a phantom
  2878 | D:3      | Killed a phantom
  2879 | D:3      | Reached XP level 6. HP: 22/39 MP: 5/10
  2961 | D:3      | Learned a level 4 spell: Summon Lightning Spire
  3236 | D:3      | Killed Pikel
  3237 | D:3      | Reached skill level 6 in Summonings
  3237 | D:3      | Reached skill level 1 in Air Magic
  3237 | D:3      | Reached XP level 7. HP: 23/45 MP: 2/13
  3377 | D:4      | Found a staircase to the Ecumenical Temple.
  3399 | Temple   | Entered the Ecumenical Temple
  4041 | Temple   | Became a worshipper of Sif Muna the Loreminder
  4466 | D:5      | Entered Level 5 of the Dungeon
  4775 | D:5      | Reached XP level 8. HP: 51/51 MP: 10/14
  4924 | D:5      | Reached * piety under Sif Muna
  5047 | D:5      | Reached skill level 1 in Transmutations
  5054 | D:5      | Reached skill level 1 in Invocations
  5754 | D:5      | Learned a level 3 spell: Summon Guardian Golem
  6169 | D:6      | Reached skill level 5 in Spellcasting
  6547 | D:6      | Reached XP level 9. HP: 57/57 MP: 13/16
  6574 | D:6      | Noticed Blork the orc
  6586 | D:6      | Killed Blork the orc
  6841 | D:7      | Noticed Joseph
  6854 | D:7      | Reached skill level 7 in Summonings
  7327 | D:7      | Reached ** piety under Sif Muna
  7341 | D:7      | Killed Joseph
  8245 | D:8      | Found Mefev's Antique Armour Emporium.
  8326 | D:8      | Noticed Maggie
  8347 | D:8      | Killed Maggie
  8348 | D:8      | Reached XP level 10. HP: 33/63 MP: 16/19
  8493 | D:8      | Reached skill level 5 in Stealth
  8631 | D:8      | Identified the +3 ring mail of Eceidd {rC+}
  9242 | D:9      | Reached skill level 8 in Summonings
  9338 | D:9      | Found a staircase to the Lair.
  9869 | D:8      | Reached skill level 5 in Unarmed Combat
  9963 | D:8      | Reached skill level 5 in Dodging
 10269 | D:9      | Reached *** piety under Sif Muna
 10580 | D:9      | Found a runed translucent gate.
 10580 | D:9      | Found a runed translucent gate.
 10580 | D:9      | Found a runed translucent gate.
 10584 | D:9      | Noticed jehirs's ghost (novice TrFi)
 10584 | D:9      | Noticed flt's ghost (novice DgTm)
 10585 | D:9      | Noticed Conn's ghost (novice OpFE)
 10880 | D:10     | Entered Level 10 of the Dungeon
 10888 | D:10     | Noticed a two-headed ogre
 11339 | D:10     | Killed a two-headed ogre
 11340 | D:10     | Reached XP level 11. HP: 70/70 MP: 22/22
 11507 | D:10     | Noticed a two-headed ogre
 11542 | D:10     | Killed a two-headed ogre
 11543 | D:10     | Reached skill level 9 in Summonings
 11967 | Lair:1   | Entered Level 1 of the Lair of Beasts
 11967 | Lair:1   | Noticed Amaemon
 11976 | Lair:1   | Reached skill level 5 in Fighting
 11995 | Lair:1   | Killed Amaemon
 11996 | Lair:1   | Reached skill level 5 in Air Magic
 12190 | Lair:1   | Noticed Nergalle
 12218 | Lair:1   | Slain by a spectral orc warrior

Illustrated notes

Levels and vault maps discovered:
D:1:      scummos_arrival_simple_crosswalls, layout_basic,
          hellmonk_ecumenical_altar_blasted
D:2:      minmay_kobold_bridge, layout_loops_ring, serial_shops,
          nicolae_shop_bloodbath_and_beyond, basic_altar
D:3:      layout_loops_cross, mainiacjoe_overflow_alcove_4, uniq_robin
D:4:      layout_rooms, minmay_temple_entry_arrows, minmay_misc_feat_cross,
          uniq_pikel
D:5:      layout_basic, serial_demonic, serial_demonic_e, serial_demonic_c,
          serial_demonic_e, serial_demonic_a, serial_demonic_d, serial_demonic_f
D:6:      layout_loops_ring, uniq_blork_the_orc
D:7:      layout_rooms, minmay_tree_intersection, st_stairs_4, uniq_joseph
D:8:      layout_rooms, serial_shops, nicolae_take_the_stairs,
          hangedman_abyss_or_decor_stagger, minmay_misc_feat_ornament,
          uniq_maggie
D:9:      layout_basic, minmay_lair_entry_grove, gammafunk_ghost_cemetery
D:10:     layout_basic
Temple:   mainiacjoe_temple_starburst
Lair:1:   layout_misc_corridors, grunt_megastairs_1, uniq_nergalle, uniq_amaemon

Skill      XL: |  1  2  3  4  5  6  7  8  9 10 11 |
---------------+----------------------------------+-----
Fighting       | 1 2 3 4 5 |  5.1
Stealth        | 3 4 5 |  5.0
Unarmed Combat | 1 2 3 4 5 |  5.5
Summonings     | 5 6 7 8 9 |  9.3
Dodging        | 3 4 5 |  5.6
Spellcasting   | 4 5 6 7 8 |  8.3
Air Magic      | 1 2 4 5 |  5.0
Transmutations | 2 3 4 |  4.4
Invocations    | 1 3 4 |  4.5
Shields        | |  0.1

Action                     |  1- 3 |  4- 6 |  7- 9 | 10-12 || total
---------------------------+-------+-------+-------+-------++-------
  Melee: Unarmed           |    88 |    86 |   219 |   104 ||   497
         Tentacles         |    25 |    25 |    64 |    30 ||   144
         Constrict         |    25 |    17 |    46 |    12 ||   100
         Punch             |     3 |     2 |     5 |     6 ||    16
   Cast: Summon Small Mamm |    19 |    17 |     8 |     8 ||    52
         Call Imp          |    11 |    13 |    25 |    16 ||    65
         Call Canine Famil |       |    11 |    36 |    32 ||    79
         Summon Guardian G |       |       |     6 |    26 ||    32
         Summon Lightning  |       |       |     4 |    16 ||    20
    Use: Scroll            |       |     9 |     4 |     5 ||    18
         Potion            |       |     2 |     3 |     1 ||     6
   Stab: Sleeping          |     6 |     4 |     4 |     1 ||    15
         Distracted        |     1 |     4 |     8 |     2 ||    15
 Armour: Skin              |    15 |    17 |    41 |     5 ||    78
  Dodge: Dodged            |    58 |    43 |   174 |   121 ||   396
  Block: Other             |     3 |     5 |    17 |     6 ||    31

Table legend: (Time is in decaauts)
 A = Elapsed time spent in this place.
 B = Non-inter-level travel time spent in this place.
 C = Inter-level travel time spent in this place.
 D = Time resting spent in this place.
 E = Time spent auto-exploring this place.
 F = Levels seen in this place.
 G = Mean time per level.
                   A        B        C        D        E       F      G
               +--------+--------+--------+--------+--------+-----+--------+
         Total |  12200 |  11602 |    598 |   2046 |   7249 |  12 | 1016.7 |
       Dungeon |  11250 |  10770 |    480 |   1955 |   6654 |  10 | 1125.0 |
        Temple |    699 |    582 |    117 |      0 |    519 |   1 |  699.0 |
          Lair |    250 |    250 |      0 |     91 |     76 |   1 |  250.0 |
               +--------+--------+--------+--------+--------+-----+--------+

Top non-repeatable levels by time:
     D:9: 1609 daAuts
     D:3: 1571 daAuts
     D:8: 1408 daAuts
     D:5: 1338 daAuts
     D:6: 1150 daAuts
     D:7: 1016 daAuts
    D:10: 959 daAuts
     D:2: 800 daAuts
     D:1: 723 daAuts
  Temple: 699 daAuts
     D:4: 673 daAuts
  Lair:1: 250 daAuts
